Map: Prion Terraces

Players

STaR

  • Race: Zerg Zerg
  • League: Platinum

Trainbike - Winner!

  • Race: Protoss Protoss
  • League: Diamond

VOD

Have the link to the VOD?

Description

Time

  • Played on: Jan. 19, 2016, 10:05 p.m.
  • Length: 16:28
Show
View Real Time Build Order
Export as new Build Order

STaR Zerg 

Build Orders: Hatch First 

Get SALT Encoding   

  12  0:00  Drone  
  13  0:07  Drone  
  14  0:18  Extractor  
  14  0:19  Drone, Extractor  
  13  0:22  Drone  
  16  0:48  Hatchery  
  15  0:58  Spawning Pool  
  15  1:02  Drone, Extractor  
  14  1:06  Extractor  
  14  1:09  Drone  
  16  1:14  Overlord  
  16  1:32  Drone x2  
  18  1:45  Queen  
  18  1:46  Zergling x2  
  18  1:47  Zergling x2  
  22  2:05  Queen  
  22  2:07  Zergling x2  
  25  2:26  Drone  
  26  2:31  Drone x2  
  27  2:49  Overlord x2  
  27  2:52  Spine Crawler  
  27  2:53  Spine Crawler, Queen  
  27  2:55  Spine Crawler  
  27  2:58  Spine Crawler, Queen  
  27  3:09  Drone x3  
  27  3:10  Drone x2  
  30  3:18  Drone x3, Extractor  
  31  3:41  Drone x2  
  32  3:56  Zergling x2  
  32  3:57  Zergling x6  
  36  4:06  Drone x4  
  36  4:07  Drone x3  
  42  4:30  Zergling x4  
  44  4:34  Overlord x3  
  44  4:38  Metabolic Boost  
  44  4:42  Hatchery, Roach Warren  
  44  4:45  Zergling x4  
  40  5:06  Zergling x10  
  40  5:07  Zergling x2  
  36  5:20  Zergling x12  
  40  5:24  Zergling x2  
  35  5:34  Zergling x2  
  35  5:35  Zergling x2  
  30  5:47  Zergling x4  
  32  5:50  Spine Crawler x2  
  27  6:00  Zergling x2  
    15:15  Drone x3  
  3  15:41  Drone x2  
  5  15:47  Drone  
  6  16:10  Drone x2  
Show
View Real Time Build Order
Export as new Build Order

Trainbike Protoss - Winner!

Build Orders:  

Get SALT Encoding   

  12  0:01  Probe (Chrono Boost)  
  13  0:12  Probe (Chrono Boost)  
  14  0:18  Pylon  
  14  0:23  Probe (Chrono Boost)  
  15  0:36  Probe (Chrono Boost)  
  15  0:39  Gateway  
  16  0:43  Assimilator  
  16  0:47  Probe (Chrono Boost)  
  17  0:58  Probe (Chrono Boost)  
  17  1:01  Gateway  
  18  1:08  Probe (Chrono Boost)  
  19  1:12  Assimilator  
  19  1:19  Probe (Chrono Boost)  
  20  1:27  Cybernetics Core  
  20  1:31  Pylon  
  20  1:34  Probe (Chrono Boost)  
  22  1:47  Probe (Chrono Boost)  
  22  1:57  Probe (Chrono Boost)  
  23  2:04  Pylon  
  23  2:05  Adept x2  
  23  2:06  Warp Gate (Chrono Boost)  
  27  2:10  Mothership Core  
  29  2:25  Robotics Facility  
  29  2:32  Adept  
  29  2:36  Adept  
  33  2:45  Gateway  
  33  3:00  Pylon  
  33  3:19  Immortal  
  33  4:00  Immortal (Chrono Boost)  
  35  4:11  Stalker x3  
  35  4:14  Gateway  
  39  4:34  Stalker x2, Immortal (Chrono Boost)  
  47  4:39  Pylon  
  47  4:43  Pylon  
  47  5:01  Stalker x2  
  51  5:13  Stalker  
  51  5:16  Gateway  
  49  5:35  Stalker  
  49  5:36  Stalker  
  53  5:46  Zealot x2  
  55  6:00  Immortal (Chrono Boost)  
  57  8:25  Nexus  
  57  8:33  Nexus  
  57  8:37  Nexus  
  57  8:49  Nexus  
  57  8:52  Nexus  
  57  8:53  Nexus  
  57  9:18  Observer (Chrono Boost)  
  58  9:37  Nexus  
  58  10:18  Nexus  
  58  10:55  Nexus  
  58  10:57  Nexus  
  58  11:01  Probe  
  59  11:12  Probe  
  60  11:23  Probe  
  61  11:34  Nexus  
  61  11:42  Nexus  
  61  12:05  Nexus  
  61  12:16  Nexus  
  61  12:33  Nexus  
  61  14:05  Probe  
  61  14:06  Probe x13  
  61  14:07  Probe  
  76  14:16  Probe x12  
  76  14:17  Probe x2  
  76  14:19  Probe  
  91  14:26  Probe  
  91  14:27  Probe x13  
  105  14:31  Probe  
  105  14:37  Probe x10  
  105  14:38  Probe x4  
  106  14:44  Probe  
  121  14:47  Probe  
  121  14:48  Probe x13  
  135  14:56  Probe  
  135  14:58  Probe x8  
  135  14:59  Probe x6  
  150  15:08  Probe  
  150  15:09  Probe x14  
  165  15:15  Probe  
  165  15:19  Probe x6  
  165  15:20  Probe x9  
  172  15:25  Probe  
  182  15:30  Probe x14  
  182  15:32  Probe  
  197  15:36  Probe  
  197  15:40  Probe x2  
Tags
 
Add a new tag
Caveats
  • Supply blocks, unpowered buildings, or Contaminate may cause inaccurate times.
  • Supply counts are checked every 10 seconds.